 Dungeon Crawl Stone Soup version 0.22-a0-447-gee5f723 (webtiles) character file.

95 Sergey the Ruffian (level 4, -1/35 HPs)
             Began as a Minotaur Transmuter on June 3, 2018.
             Was an Initiate of Cheibriados (penitent).
             Slain by a bullfrog skeleton (3 damage)
             ... on level 5 of the Dungeon.
             The game lasted 00:06:35 (644 turns).

Sergey the Ruffian (Minotaur Transmuter)             Turns: 644, Time: 00:06:36

Health: -1/35      AC:  2    Str: 15    XL:     4   Next: 39%
Magic:  1/5        EV: 12    Int: 16    God:    Cheibriados [*]
Gold:   14         SH:  0    Dex: 10    Spells: 2/5 levels left

rFire    . . .     SeeInvis .     - Unarmed
rCold    . . .     Gourm    .   (no shield)
rNeg     . . .     Faith    .   b - +0 robe
rPois    .         Spirit   .   (helmet restricted)
rElec    .         Reflect  .   (no cloak)
rCorr    .         Harm     .   (no gloves)
MR       .....                  (no boots)
Stlth    +.........             (no amulet)
HPRegen  0.11/turn              (no ring)
MPRegen  0.09/turn              (no ring)

@: brilliant, hasted, quick
A: retaliatory headbutt, horns 2
a: Renounce Religion


You were on level 5 of the Dungeon.
You worshipped Cheibriados.
Cheibriados was demanding penance.
You were not hungry.

You visited 2 branches of the dungeon, and saw 6 of its levels.

You collected 14 gold pieces.

Inventory:

Hand Weapons
 s - a +0 hunting sling
Missiles
 a - 4 arrows
 i - 20 stones (quivered)
 k - 3 tomahawks of returning
Armour
 b - a +0 robe (worn)
Scrolls
 g - a scroll of amnesia
Potions
 e - a potion of cancellation
 f - a potion of brilliance
 j - a potion of curing {@q2}
Comestibles
 c - a chunk of flesh
 d - a ration


   Skills:
 - Level 1.2 Fighting
 - Level 2.1 Dodging
 * Level 5.8 Unarmed Combat
 - Level 1.3 Spellcasting
 - Level 1.5 Transmutations


You had 2 spell levels left.
You knew the following spells:

 Your Spells              Type           Power        Failure   Level  Hunger
a - Beastly Appendage     Tmut           ###...       1%          1    ##.....
b - Sticks to Snakes      Tmut           ###.....     2%          2    ###....

Your spell library contained the following spells:

 Spells                   Type           Power        Failure   Level  Hunger
 Spider Form              Tmut/Pois      ##........   5%          3    ####...
 Blade Hands              Tmut           ###.......   30%         5    ######.
 Ice Form                 Ice/Tmut       ##......     17%         4    #####..


Dungeon Overview and Level Annotations

Branches:
Dungeon (5/15)             Temple (1/1) D:4

Altars:
Cheibriados
Gozag
Makhleb
Sif Muna
Zin


Innate Abilities, Weirdness & Mutations

You reflexively headbutt those who attack you in melee.
You have a pair of horns on your head.


Message History

The bullfrog skeleton closely misses you.
Found a ration.
There is an open door here.
It was a potion of brilliance.
You feel clever all of a sudden.
The centaur shoots an arrow.
The arrow barely misses you. The bullfrog skeleton hits you!
* * * LOW HITPOINT WARNING * * *
Casting: Sticks to Snakes (safe; 2% risk of failure)
Confirm with . or Enter, or press ? or * to list all spells.
You create a snake!
You now have 5 arrows.
The bullfrog skeleton hits you.
* * * LOW HITPOINT WARNING * * *
Casting: Sticks to Snakes (safe; 2% risk of failure)
Confirm with . or Enter, or press ? or * to list all spells.
You create a snake!
You now have 4 arrows.
The bullfrog skeleton hits you.
* * * LOW HITPOINT WARNING * * *
You closely miss the centaur. Your headbutt misses the centaur.
The centaur unwields an uncursed shortbow.
The centaur closely misses you. The bullfrog skeleton hits you.
You die...

#........# #........#
#........# #........#
#........# .%.......#
#.....S.S#
###......@.#
.........Zc# .
...####+#(##.# .#
.........g.#.#..#.
#.......g(.c.c... #.#
#...........#.... #.#
#...........#. ..
###.# +...............
...#+##...........#..#


You could see a centaur, 2 gnolls, a bullfrog skeleton and 2 friendly ball
pythons.

Vanquished Creatures
  Jessica (D:2)
  A gnoll (D:5)
  3 adders
  2 leopard geckos
  An orc (D:4)
  A giant cockroach (D:1)
  5 goblins
  A hobgoblin (D:1)
  3 jackals (D:2)
  6 bats
  4 frilled lizards
  2 kobolds (D:1)
  3 rats (D:1)
33 creatures vanquished.

Vanquished Creatures (collateral kills)
  A hobgoblin (D:1)
1 creature vanquished.

Grand Total: 34 creatures vanquished

Notes
Turn   | Place    | Note
-------+----------+-------------------------------------------
     0 | D:1      | Sergey the Minotaur Transmuter began the quest for the Orb.
     0 | D:1      | Reached XP level 1. HP: 16/16 MP: 1/1
   131 | D:1      | Reached XP level 2. HP: 9/23 MP: 3/3
   137 | D:1      | Reached skill level 4 in Unarmed Combat
   157 | D:1      | Learned a level 2 spell: Sticks to Snakes
   287 | D:2      | Reached XP level 3. HP: 12/28 MP: 0/4
   302 | D:2      | Noticed Jessica
   309 | D:2      | Killed Jessica
   309 | D:2      | Reached skill level 5 in Unarmed Combat
   363 | D:3      | Reached XP level 4. HP: 10/35 MP: 0/5
   466 | D:4      | Noticed an ogre
   538 | D:4      | Found a staircase to the Ecumenical Temple.
   546 | Temple   | Entered the Ecumenical Temple
   557 | Temple   | Became a worshipper of Cheibriados the Contemplative
   597 | D:5      | Entered Level 5 of the Dungeon
   620 | D:5      | Was placed under penance by Cheibriados
   634 | D:5      | Noticed a centaur
   644 | D:5      | Slain by a bullfrog skeleton

Vault maps used:
D:1:      shiori_arrival_elements
D:2:      chequers_ecumenical_altar_island, serial_glass, glass_columns_a,
          glass_columns_a, st_stairs_3, xom_teletrap_fun, uniq_jessica
D:3:      uniq_grinder
D:4:      minmay_temple_entry_butterflies
D:5:      kennysheep_little_box, first_ration, basic_altar, serial_shops,
          shop_statue
Temple:   compressed_dpeg_triangle_lava_temple

Skill      XL: |  1  2  3 |
---------------+----------+-----
Unarmed Combat | 4 5 |  5.8
Fighting       | |  1.2
Dodging        | |  2.1
Spellcasting   | |  1.3
Transmutations | |  1.5

Action                   |  1- 3 |  4- 6 || total
-------------------------+-------+-------++-------
Melee: Unarmed           |    47 |    19 ||    66
       Headbutt          |     8 |     1 ||     9
       Kick              |       |     2 ||     2
 Fire: Hunting sling     |       |     6 ||     6
 Cast: Beastly Appendage |     5 |     1 ||     6
       Sticks to Snakes  |     4 |     4 ||     8
  Use: Potion            |     2 |     2 ||     4
       Scroll            |     1 |     4 ||     5
 Stab: Distracted        |     1 |       ||     1
Armor: Robe              |    10 |     5 ||    15
Dodge: Dodged            |    26 |    24 ||    50

Table legend:
 A = Spawn XP
 B = Non-spawn XP
 C = Spawn XP percentage of total XP
 D = Spawn monster count
 E = Non-spawn monster count
 F = Spawn count percentage of total count
 G = Total turns spent on level
                    A         B        C        D         E        F      G
               +---------+---------+-------+---------+---------+-------+---------
         Total |       0 |     136 |   0.0 |       0 |      34 |   0.0 |   644
               +---------+---------+-------+---------+---------+-------+---------
           D:1 |       0 |      27 |   0.0 |       0 |      17 |   0.0 |   259
           D:2 |       0 |      79 |   0.0 |       0 |      13 |   0.0 |   126
           D:3 |       0 |      12 |   0.0 |       0 |       1 |   0.0 |    35
           D:4 |       0 |       4 |   0.0 |       0 |       2 |   0.0 |   154
           D:5 |       0 |      14 |   0.0 |       0 |       1 |   0.0 |    47
               +---------+---------+-------+---------+---------+-------+---------
